 Dungeon Crawl Stone Soup version 0.28-a0-1524-ge72afd5fc6 (webtiles) character file.

Game seed: 6647807633026524517

2 psuckher the Sneak (level 1, -4/18 HPs)
             Began as a Barachi Delver on Jan 17, 2022.
             Was an Initiate of Okawaru.
             Succumbed to an orc wizard's poison
             ... on level 5 of the Dungeon.
             The game lasted 00:01:42 (289 turns).

psuckher the Sneak (Barachi Delver)                  Turns: 289, Time: 00:01:43

Health: -4/18      AC:  3    Str: 13    XL:     1   Next: 30%
Magic:  1/1        EV: 12    Int: 10    God:    Okawaru [......]
Gold:   0          SH:  0    Dex: 13    Spells: 0/0 levels left

rFire   . . .      SeeInvis .   j - +4 mace
rCold   . . .      Faith    .   (no shield)
rNeg    . . .      Spirit   .   b - +0 leather armour
rPois   .          Reflect  .   (no helmet)
rElec   .          Harm     .   (no cloak)
rCorr   .          Rampage  .   (no gloves)
Will    .....                   (no boots)
Stlth   ++........              (no amulet)
HPRegen 0.06/turn               (no ring)
MPRegen 0.07/turn               (no ring)

@: lethally poisoned (-4 -> -21), slow
A: amphibious, slowness 1, strong legs 1, +LOS
a: Hop, Renounce Religion


You were on level 5 of the Dungeon.
You worshipped Okawaru.
Okawaru was noncommittal.
You visited 2 branches of the dungeon, and saw 2 of its levels.

Inventory:

Hand Weapons
 a - a +0 falchion
 i - a +0 hunting sling
 j - a +4 mace (weapon)
Armour
 b - a +0 leather armour (worn)
Wands
 g - a wand of digging (3)
Scrolls
 c - a scroll of fog
 d - a scroll of magic mapping
Potions
 f - a potion of haste
 h - a potion of magic {unknown}


   Skills:
 + Level 3.6 Fighting
 + Level 2.4 Long Blades
 + Level 2.2 Dodging
 + Level 4.6 Stealth


You couldn't memorise any spells.
You didn't know any spells.
Your spell library was empty.

Dungeon Overview and Level Annotations

Branches:
Dungeon (5/15)             Temple (1/1) D:5

Altars:
Cheibriados
Elyvilon
Fedhas
Makhleb
Nemelex Xobeh
Okawaru
Ru
Sif Muna
Uskayaw
The Shining One


Innate Abilities, Weirdness & Mutations

You are amphibious.
You cover ground slowly.
You can hop short distances.
You have an extended range of vision and can be seen from far away.


Message History

Okay, then.
Found a runed mace.
Found a falchion.
Found a stone staircase leading down.
You see here a +4 mace.
j - a +4 mace You see here a +0 falchion.
j - a +4 mace (weapon)
Found 24 stones.
There is a stone staircase leading down here.
There is a stone staircase leading down here.
The orc shouts!
You hear a shout! x2
You sock the orc!
You kill the orc!
Okawaru accepts your kill.
An orc wizard comes into view.
It is wielding a +2 dagger of venom. 2 orcs come into view.
The orc shouts! x2
The orc wizard hits you with a +2 dagger of venom.
You are poisoned.
You see here a +0 short sword of venom.
As you read the scroll of fear, it crumbles to dust.
You assume a fearsome visage.
The orc wizard looks frightened!
The orc looks frightened! x2; You feel sick.
The orc wizard mumbles some strange words.
The orc wizard flickers and vanishes!
Deactivating autopickup; reactivate with Ctrl-A.
You feel sick.
You feel sick.
You feel sick.
You feel sick.
You are no longer poisoned.
You hear some strange, mumbled words.
Something tries to affect you, but you resist.
Something hits you.
You are lethally poisoned!
You feel sick. Something hits you.
* * * LOW HITPOINT WARNING * * *
You are more poisoned.
You die...

.........# ##o.#
########.#######...#
#..# #.............#
#.## #.#########..##
#.####.# #..#
....)..## #..#
..#####.########..#
#.................#
#.####..########@##
#.# #..# #.# #.#
#..# #.# #.####..#
#.#
....##..########.#
###.##.>.........# #
#.....##########
###.##### ....#


You could see an orc.

Vanquished Creatures
  An orc (D:5)
1 creature vanquished.

Notes
Turn   | Place    | Note
-------+----------+-------------------------------------------
     0 | D:5      | psuckher the Barachi Delver began the quest for the Orb.
     0 | D:5      | Reached XP level 1. HP: 18/18 MP: 1/1
    31 | D:5      | Found a staircase to the Ecumenical Temple.
    48 | Temple   | Entered the Ecumenical Temple
   140 | Temple   | Became a worshipper of Warmaster Okawaru
   274 | D:5      | Noticed an orc wizard
   289 | D:5      | Succumbed to an orc wizard's poison

Illustrated notes

Levels and vault maps discovered:
D:5:      layout_loops_ring, xom_redecorated, temple_hall, dk_noncrumbling_2
Temple:   compressed_dpeg_circular_temple

Action                   || total
-------------------------++-------
Melee: Mace              ||     1
  Use: Scroll            ||     1

Table legend: (Time is in decaauts)
 A = Elapsed time spent in this place.
 B = Non-inter-level travel time spent in this place.
 C = Inter-level travel time spent in this place.
 D = Time resting spent in this place.
 E = Time spent auto-exploring this place.
 F = Levels seen in this place.
 G = Mean time per level.
                   A        B        C        D        E       F      G
               +--------+--------+--------+--------+--------+-----+--------+
         Total |    344 |    331 |     13 |      0 |      0 |   2 |  172.0 |
       Dungeon |    208 |    205 |      3 |      0 |      0 |   1 |  208.0 |
        Temple |    135 |    126 |      9 |      0 |      0 |   1 |  135.0 |
               +--------+--------+--------+--------+--------+-----+--------+

Top non-repeatable levels by time:
     D:5: 208 daAuts
  Temple: 135 daAuts
